AoeStats
← KRISH_95

Arabia

507518500Analyzed
1v1 RM · 13d ago on Sep 18, 2026· 51m 22s· 2 players
Game mode
Random Map
Map size
Tiny (2 player)
Population
200
Speed
Normal
Resources
Standard
Victory
Conquest
Starting age
Dark Age
Ending age
Imperial Age
RankedLock teamsTeams togetherTeam positionsShared explorationLock speedFull tech treeHidden civsTurbo modeCheats
Victory
Defeat
🇮🇳 Hindustanis · India
1008
+16
🇦🇷 Spanish · Argentina
1000
-16
BfQiQi
3:25 Loom
11:27 Feudal Age
17:55 Castle Age
21:57 Double-Bit Axe
24:46 Horse Collar
26:34 Bloodlines
27:31 Padded Archer Armor
28:49 Husbandry
30:31 Wheelbarrow
30:04 Fletching
30:30 Leather Archer Armor
35:11 Imperial Age
34:21 Ballistics
36:48 Conscription
36:56 Hand Cart
36:33 Town Watch
36:48 Bodkin Arrow
38:23 Chemistry
39:55 Bracer
41:48 Ring Archer Armor
45:33 Elite Skirmisher
50:27 Supremacy
KRISH_95
10:13 Feudal Age
8:29 Loom
15:50 Castle Age
14:27 Double-Bit Axe
15:37 Horse Collar
17:05 Bow Saw
19:42 Heavy Plow
23:19 Wheelbarrow
24:08 Padded Archer Armor
25:57 Leather Archer Armor
26:26 Hand Cart
30:48 Imperial Age
28:54 Fletching
29:19 Town Watch
32:29 Chemistry
32:14 Ring Archer Armor
31:40 Bodkin Arrow
32:13 Town Patrol
33:32 Scale Barding Armor
33:37 Forging
37:53 Bloodlines
37:04 Light Cavalry
37:44 Husbandry
41:14 Ballistics
49:37 Grand Trunk Road
49:38 Shatagni
Connection lost

Rejoining the realm…

Still unreachable

The connection could not be restored.

Session expired

The server has moved on; the page needs a fresh start.